 Dungeon Crawl Stone Soup version 0.28.0 (webtiles) character file.

Game seed: 4714981872768233919

1600 fragbeetle the Cleaver (level 8, -10/64 HPs)
             Began as a Hill Orc Fighter on Feb 10, 2022.
             Killed by nerve-wracking pain
             ... invoked by a shadow imp
              (14 damage)
             ... on level 5 of the Dungeon.
             The game lasted 00:07:49 (5101 turns).

fragbeetle the Cleaver (Hill Orc Fighter)           Turns: 5101, Time: 00:07:50

Health: -10/64     AC:  9    Str: 19 (21) XL:     8   Next: 94%
Magic:  2/2        EV:  9    Int:  6 (8)  God:
Gold:   167        SH:  4    Dex:  9 (10) Spells: 7/7 levels left

rFire   . . .      SeeInvis .   o - +2 whip (antimagic)
rCold   . . .      Faith    .   c - +0 buckler
rNeg    . . .      Spirit   .   b - +0 scale mail
rPois   .          Reflect  .   (no helmet)
rElec   .          Harm     .   (no cloak)
rCorr   .          Rampage  .   e - +1 pair of gloves
Will    .....                   (no boots)
Stlth   ..........              j - amulet of magic regeneration
HPRegen 0.20/turn               (no ring)
MPRegen 0.48/turn               (no ring)

@: lit by a corona, glowing
A: no striking features
a: no special abilities


You were on level 5 of the Dungeon.
You visited 1 branch of the dungeon, and saw 5 of its levels.

You collected 167 gold pieces.

Inventory:

Hand Weapons
 a - a +0 war axe
 d - a +2 whip of flaming
 o - a +2 antimagic whip (weapon)
Missiles
 q - 10 poisoned darts (quivered)
Armour
 b - a +0 scale mail (worn)
 c - a +0 buckler (worn)
 e - a +1 pair of gloves (worn)
Jewellery
 j - an amulet of magic regeneration (around neck)
Wands
 h - a wand of flame (19)
Scrolls
 f - 2 scrolls of identify
 p - a scroll of amnesia {unknown}
 r - a scroll of blinking {unknown}
Potions
 m - a potion of degeneration


   Skills:
 - Level 3.6 Fighting
 * Level 14.2 Axes
 - Level 3.2 Armour
 - Level 3.2 Shields


You had 7 spell levels left.
You didn't know any spells.
Your spell library contained the following spells:

 Spells                   Type           Power      Damage    Failure   Level
 Animate Skeleton         Necr           0%         N/A       89%         1
 Apportation              Tloc           0%         N/A       89%         1
 Summon Small Mammal      Summ           0%         N/A       89%         1
 Gell's Gravitas          Tloc           0%         N/A       99%         3
 Lesser Beckoning         Tloc           0%         N/A       99%         3
 Teleport Other           Tloc           0%         N/A       99%         3


Dungeon Overview and Level Annotations

Branches:
Dungeon (5/15)             Temple (0/1) D:5

Altars:
The Shining One

Shops:
D:1 [   D:3 =

Annotations:
D:5 Dowan, Duvessa


Message History

You hit the orc.
The orc is heavily wounded.
The orc hits you with a +0 short sword.
* * * LOW HITPOINT WARNING * * *
The orc hits you but does no damage. The orc barely misses you.
Unknown command.
You hit the orc.
The orc is heavily wounded.
The orc hits you but does no damage.
Okay, then.
It was a potion of magic.
Magic courses through your body. The orc barely misses you.
The orc hits you with a +0 hand axe.
* * * LOW HITPOINT WARNING * * *
The orc hits you but does no damage. x2
You hit the orc but do no damage.
The orc is heavily wounded.
Your surroundings suddenly seem different.
Found a stone staircase leading down.
Duvessa, Sister of Dowan comes into view.
She is wielding a +0 short sword and wearing a +2 scale mail of fire resistance.
Found a dagger.
Duvessa shouts!
Dowan, Brother of Duvessa comes into view.
He is wielding a +0 dagger.
A scorpion zombie comes into view.
Dowan shouts!
Dowan gestures at you while chanting. The puff of frost hits you.
* * * LOW HITPOINT WARNING * * *
As you read the scroll of fog, it crumbles to dust.
The scroll dissolves into smoke.
The shadow imp shouts!
Dowan casts a spell at you.
You are outlined in light.
You block the shadow imp's attack.
Found a staircase to the Ecumenical Temple.
The shadow imp spits at you.
Dowan gestures wildly while chanting.
Dowan blinks!
The shadow imp gestures at you. Pain shoots through your body!
You die...

#..........,,,,.....#*##.#..##
..................#..##......#
......##....................#*
#.....#.....................####
#.......,..#..,#............§§.##
.#..#.#..,,#.⌠.#...#........§§§.#
....#.#..###...###.........§§§§..
....5.......................§§§..
..........⌠..>..@.eZ.......§§....
..................5...##....§....
...##....###...###.....##.§......
...##@.....#.⌠.*...#....#........
...<5......#..,#.................
..5...##.....................###.
..........#..........#.......#**.
.........##.........####....,,,,,
........##**,,,,,,,,,,**,,,,,,,,,


You could see Duvessa, a shadow imp and a scorpion zombie.

Vanquished Creatures
  Pikel (D:4)
  Sigmund (D:5)
  Eustachio (D:5)
  Menkaure (D:5)
  A necrophage (D:5)
  A black bear (D:4)
  An ogre (D:4)
  A centaur (D:4)
  A centaur skeleton (D:4)
  Jessica (D:2)
  An iguana (D:4)
  3 orc wizards
  A hound skeleton (D:5)
  4 gnolls
  6 adders
  An adder zombie (D:4)
  2 worms
  3 dart slugs
  7 orcs (D:5)
  9 ball pythons
  3 bats
  3 endoplasms (D:1)
  16 giant cockroaches
  8 goblins
  5 hobgoblins
  6 jackals
  8 kobolds
  4 quokkas
  8 frilled lizards
  10 rats
118 creatures vanquished.

Notes
Turn   | Place    | Note
-------+----------+-------------------------------------------
     0 | D:1      | fragbeetle the Hill Orc Fighter began the quest for the
                  | Orb.
     0 | D:1      | Reached XP level 1. HP: 19/19 MP: 1/1
   209 | D:1      | Reached skill level 3 in Axes
   221 | D:1      | Reached XP level 2. HP: 25/26 MP: 2/2
   222 | D:1      | Found a faded altar of an unknown god.
   332 | D:1      | Reached skill level 4 in Axes
   477 | D:1      | Reached XP level 3. HP: 31/31 MP: 3/3
   488 | D:1      | Found Axyj's Armour Emporium.
   721 | D:2      | Reached skill level 5 in Axes
   746 | D:2      | Identified the +0 robe of Enudd {Rampage *Slow Slay-6 SInv}
   934 | D:2      | Reached XP level 4. HP: 39/39 MP: 4/4
  1196 | D:2      | Noticed Jessica
  1202 | D:2      | Killed Jessica
  1203 | D:2      | Reached skill level 6 in Axes
  1574 | D:3      | Found Vidohamo's Jewellery Shoppe.
  1643 | D:3      | Reached XP level 5. HP: 13/45 MP: 5/5
  1880 | D:3      | Reached skill level 7 in Axes
  2181 | D:3      | Noticed an ice beast
  2268 | D:4      | Found a glowing golden altar of the Shining One.
  2287 | D:4      | Noticed a centaur
  2302 | D:4      | Killed a centaur
  2303 | D:4      | Reached skill level 8 in Axes
  2303 | D:4      | Reached XP level 6. HP: 31/51 MP: 6/6
  2630 | D:4      | Reached skill level 9 in Axes
  2914 | D:4      | Reached XP level 7. HP: 37/57 MP: 7/7
  3199 | D:5      | Entered Level 5 of the Dungeon
  3200 | D:5      | Noticed Eustachio
  3214 | D:4      | Reached skill level 10 in Axes
  3488 | D:5      | Noticed Menkaure
  3493 | D:5      | Killed Menkaure
  3494 | D:5      | Reached skill level 11 in Axes
  3691 | D:5      | Noticed Sigmund
  3707 | D:5      | Noticed Pikel
  4160 | D:4      | Killed Pikel
  4161 | D:4      | Reached skill level 13 in Axes
  4161 | D:4      | Reached XP level 8. HP: 33/64 MP: 8/8
  4980 | D:5      | Killed Sigmund
  5011 | D:5      | Killed Eustachio
  5012 | D:5      | Reached skill level 14 in Axes
  5081 | D:5      | HP: 2/64 [orc (2)]
  5084 | D:5      | Noticed Duvessa
  5085 | D:5      | Noticed Dowan
  5087 | D:5      | HP: 1/64 [Dowan/puff of frost (2)]
  5097 | D:5      | Found a staircase to the Ecumenical Temple.
  5101 | D:5      | Killed from afar by a shadow imp

Illustrated notes

Levels and vault maps discovered:
D:1:      dpeg_cavernosity, layout_rooms, ebering_ecumenical_altar_abandoned,
          serial_shops, nicolae_shop_window_shopping
D:2:      minmay_roachtagon, layout_basic, uniq_jessica
D:3:      layout_loops_ring, serial_shops, nicolae_square_shop,
          item_on_display_a
D:4:      minmay_diamond_boxcup, layout_basic, old_standard_altar
D:5:      layout_cave_pools, minmay_temple_entry_junction_2,
          minmay_hollow_rounded_squares, uniq_pikel, uniq_eustachio,
          uniq_menkaure, uniq_sigmund, uniq_duvessa

Skill      XL: |  1  2  3  4  5  6  7  8 |
---------------+-------------------------+-----
Axes           | 3 4 5 6 8 9 13 14 | 14.2
Fighting       | |  3.6
Armour         | |  3.2
Shields        | |  3.2

Action                   |  1- 3 |  4- 6 |  7- 9 || total
-------------------------+-------+-------+-------++-------
Melee: War axe           |    75 |   144 |    55 ||   274
       Whip              |       |       |   111 ||   111
Throw: Dart              |       |     2 |       ||     2
  Use: Scroll            |       |       |     8 ||     8
       Potion            |       |       |     3 ||     3
Armor: Scale mail        |    44 |    56 |    68 ||   168
Dodge: Dodged            |    43 |    63 |    65 ||   171
Block: Buckler           |    21 |    31 |    31 ||    83
